 Dungeon Crawl Stone Soup version 0.27-a0-1308-gc08437e49b (webtiles) character file.

Game seed: 2489308174367297814

11 flotson the Sneak (level 2, -2/24 HPs)
             Began as a Demonspawn Delver on June 18, 2021.
             Killed from afar by a white imp (6 damage)
             ... with a puff of frost
             ... summoned by Natasha
             ... on level 3 of the Dungeon.
             The game lasted 00:01:47 (968 turns).

flotson the Sneak (Demonspawn Delver)                Turns: 968, Time: 00:01:48

Health: -2/24      AC:  6    Str: 12    XL:     2   Next: 13%
Magic:  2/2        EV:  9    Int: 11    God:
Gold:   17         SH:  0    Dex: 14    Spells: 1/1 levels left

rFire    . . .     SeeInvis .   a - +0 hand axe
rCold    . . .     Faith    .   (no shield)
rNeg     . . .     Spirit   .   d - +0 scale mail
rPois    .         Reflect  .   (no helmet)
rElec    .         Harm     .   (no cloak)
rCorr    .         Rampage  .   (no gloves)
Will     .....                  (no boots)
Stlth    +.........             (no amulet)
HPRegen  0.08/turn              (no ring)
MPRegen  0.08/turn              (no ring)

@: hasted and slowed
A: claws 1
a: no special abilities


You were on level 3 of the Dungeon.
You visited 1 branch of the dungeon, and saw 4 of its levels.

You collected 17 gold pieces.

Inventory:

Hand Weapons
 a - a +0 hand axe (weapon)
Armour
 d - a +0 scale mail (worn)
Wands
 g - a wand of digging (3)
 h - a wand of flame (18)
Scrolls
 c - 2 scrolls of fog
 e - a scroll of fear


   Skills:
 + Level 3.1 Fighting
 + Level 2.0 Axes
 + Level 0.6 Armour
 + Level 2.0 Dodging
 - Level 4.5 Stealth


You had one spell level left.
You didn't know any spells.
Your spell library was empty.

Dungeon Overview and Level Annotations

Branches:
Dungeon (5/15)             Temple (0/1) D:4

Altars:
Vehumet

Annotations:
D:3 Ijyb, Natasha


Innate Abilities, Weirdness & Mutations

You have sharp fingernails.


Message History

Natasha claws you. Natasha claws you but does no damage.
You hit Natasha but do no damage.
Natasha is moderately wounded.
Natasha claws you!
You are too injured to fight recklessly!
You are too injured to fight recklessly!
You are too injured to fight recklessly!
You are too injured to fight recklessly!
You are too injured to fight recklessly!
You hit Natasha but do no damage.
Natasha is moderately wounded.
Natasha claws you but does no damage.
You hit Natasha.
Natasha is heavily wounded.
Natasha casts a spell at you. You resist with significant effort.
You barely miss Natasha.
Natasha is heavily wounded.
Natasha closely misses you.
You miss Natasha.
Natasha is heavily wounded.
Natasha casts a spell at you.
You feel yourself slow down. Natasha barely misses you.
You hit Natasha.
Natasha is severely wounded.
Natasha claws you.
You closely miss Natasha.
Natasha is severely wounded.
Natasha mumbles some strange words.
Natasha claws you but does no damage.
You hit Natasha.
Natasha is almost dead.
Natasha growls.
Natasha claws you.
* * * LOW HITPOINT WARNING * * *
Natasha claws you but does no damage.
You feel yourself speed up. Natasha claws you but does no damage.
The white imp gestures at you. The puff of frost hits you.
You die...

############
#..........#
#.########.# # #.#
##.#####.# #.#
#........#### #.####
#(.†@h......
#.##..........5..##.#
#.##.#####.#####.#
#.##.# #)# .# #.##.#
#.# .#
#.##.#####.#####.#
#.##.....)..)....#
#...<......####.###.#
##########.(.......#


You could see Natasha and a white imp (summoned).

Vanquished Creatures
  2 orcs (D:3)
  An endoplasm (D:3)
  A hobgoblin (D:3)
  2 jackals (D:4)
  A goblin (D:4)
  A rat (D:3)
8 creatures vanquished.

Notes
Turn   | Place    | Note
-------+----------+-------------------------------------------
     0 | D:5      | flotson the Demonspawn Delver began the quest for the Orb.
     0 | D:5      | Reached XP level 1. HP: 18/18 MP: 1/1
    92 | D:5      | Noticed a hound
   106 | D:4      | Found a radiant altar of Vehumet.
   432 | D:4      | Noticed a phantom
   511 | D:4      | Noticed an ogre
   806 | D:3      | Noticed Ijyb
   839 | D:3      | Gained mutation: You have sharp fingernails. [demonic
                  | ancestry]
   839 | D:3      | Reached XP level 2. HP: 19/24 MP: 2/2
   951 | D:3      | Noticed Natasha
   968 | D:3      | Killed from afar by a white imp

Illustrated notes

Levels and vault maps discovered:
D:2:      layout_loops_corners, chequers_serial_rivers_micro_d,
          cheibrodos_gnoll_hut
D:3:      layout_loops_ring, beargit_hepliaklqana_dungeon_heroes,
          chequers_serial_rivers_small_a, uniq_ijyb, uniq_natasha
D:4:      layout_basic, lemuel_doored_altar,
          minmay_temple_entry_enclosed_plants, minmay_distorted
D:5:      layout_layer_cave, serial_shops, nicolae_diamond_shop

Skill      XL: |  1 |
---------------+----+-----
Axes           | 2 |  2.0
Dodging        | 2 |  2.0
Fighting       | |  3.1
Armour         | |  0.6
Stealth        | |  4.5

Action                   || total
-------------------------++-------
Melee: Hand axe          ||    43
  Use: Scroll            ||     1
       Potion            ||     1
 Stab: Sleeping          ||     2
Armor: Leather armour    ||    11
       Scale mail        ||     7
Dodge: Dodged            ||    19

Table legend: (Time is in decaauts)
 A = Elapsed time spent in this place.
 B = Non-inter-level travel time spent in this place.
 C = Inter-level travel time spent in this place.
 D = Time resting spent in this place.
 E = Time spent auto-exploring this place.
 F = Levels seen in this place.
 G = Mean time per level.
                   A        B        C        D        E       F      G
               +--------+--------+--------+--------+--------+-----+--------+
         Total |    978 |    978 |      0 |    318 |    392 |   4 |  244.5 |
       Dungeon |    978 |    978 |      0 |    318 |    392 |   4 |  244.5 |
               +--------+--------+--------+--------+--------+-----+--------+

Top non-repeatable levels by time:
     D:3: 451 daAuts
     D:4: 422 daAuts
     D:5: 103 daAuts
     D:2: 1 daAuts
